 Dungeon Crawl Stone Soup version 0.26-a0-255-gd5f3108e62 (webtiles) character file.

Game seed: 6596030484958894953

19490 gruber the Devastator (level 12, -1/77 HPs)
             Began as an Octopode Conjurer on July 9, 2020.
             Was an Elder of Vehumet.
             Slain by a hippogriff (11 damage)
             ... on level 1 of the Lair of Beasts.
             The game lasted 00:23:52 (18135 turns).

gruber the Devastator (Octopode Conjurer)          Turns: 18135, Time: 00:23:52

Health: -1/77      AC:  3    Str:  6    XL:     12   Next: 69%
Magic:  5/22       EV: 18    Int: 25    God:    Vehumet [****..]
Gold:   608        SH:  7    Dex: 17    Spells: 21/24 levels left

rFire    . . .     SeeInvis +   I - +11 short sword "Fyvo" {speed, rPois}
rCold    . . .     Faith    .   x - +1 buckler
rNeg     . . .     Spirit   .   E - +2 hat
rPois    +         Reflect  .   r - amulet of the acrobat
rElec    .         Harm     .   l - ring of wizardry
rCorr    .                      B - ring of stealth
MR       +....                  C - ring of poison resistance
Stlth    ++++......             Q - +6 ring of dexterity
HPRegen  0.22/turn              P - ring of protection from magic
MPRegen  0.18/turn              F - ring of see invisible
                                (no ring)
                                (no ring)

@: no status effects
A: almost no armour, stealthy swim, amphibious, 8 rings, constrict 8, camouflage
1, gelatinous body 1
a: Renounce Religion


You were on level 1 of the Lair of Beasts.
You worshipped Vehumet.
Vehumet was greatly pleased with you.
You were hungry.

You visited 3 branches of the dungeon, and saw 17 of its levels.

You collected 698 gold pieces.
You spent 90 gold pieces at shops.

Inventory:

Hand Weapons
 I - the +11 short sword "Fyvo" (weapon) {speed, rPois}
   (You found it on level 11 of the Dungeon)

   Attacks with this weapon are significantly faster.
   It protects you from poison.
Armour
 x - a +1 buckler (worn)
 E - a +2 hat (worn)
Magical Staves
 s - an uncursed staff of poison
Jewellery
 l - a ring of wizardry (left tentacle)
 r - an amulet of the acrobat (around mantle)
 B - a ring of stealth (right tentacle)
 C - a ring of poison resistance (on tentacle)
 F - a ring of see invisible (on tentacle)
 P - a ring of protection from magic (on tentacle)
 Q - a +6 ring of dexterity (on tentacle)
Wands
 c - a wand of digging (5)
 D - a wand of iceblast (7)
 G - a wand of acid (7)
 H - a wand of flame (16)
Scrolls
 a - 5 scrolls of fog
 e - 2 scrolls of identify
 h - 4 scrolls of remove curse
 j - a scroll of noise {unknown}
 o - 5 scrolls of teleportation
 p - 4 scrolls of enchant armour
 q - 3 scrolls of blinking
 t - a scroll of immolation {unknown}
 u - 2 scrolls of fear {unknown}
 v - a scroll of magic mapping {unknown}
 y - a scroll of random uselessness {unknown}
 A - 3 scrolls of enchant weapon {unknown}
 J - a scroll of acquirement {unknown}
 K - a scroll of brand weapon {unknown}
 L - a scroll of torment {unknown}
 M - a scroll of amnesia {unknown}
 O - a scroll of vulnerability {unknown}
Potions
 d - 2 potions of might
 f - a potion of cancellation
 g - 2 potions of haste
 i - 4 potions of heal wounds
 k - 2 potions of lignification
 m - 7 potions of brilliance
 n - 3 potions of flight
 z - 5 potions of curing
 N - a potion of ambrosia
Comestibles
 b - 37 rations


   Skills:
 - Level 5.0 Fighting
 - Level 6.1 Short Blades
 - Level 7.2 Dodging
 - Level 2.6 Stealth
 - Level 5.5 Shields
 * Level 6.9 Spellcasting
 - Level 15.0 Conjurations


You had 21 spell levels left.
You knew the following spells:

 Your Spells              Type           Power        Failure   Level
a - Magic Dart            Conj           ####         0%          1
b - Searing Ray           Conj           ######       0%          2

Your spell library contained the following spells:

 Spells                   Type           Power        Failure   Level
 Airstrike                Air            #.........   8%          4
 Conjure Flame            Conj/Fire      #####...     1%          3
 Dazzling Flash           Conj/Hex       #####.       1%          3
 Mephitic Cloud           Conj/Pois/Air  ####....     1%          3
 Fulminant Prism          Conj/Hex       #####.....   1%          4
 Iskenderun's Mystic Bla  Conj/Tloc      #####...     1%          4
 Animate Skeleton         Necr           #.....       2%          1
 Apportation              Tloc           #.....       2%          1
 Corona                   Hex            #......      2%          1
 Pain                     Necr           #...         2%          1
 Summon Small Mammal      Summ           #...         2%          1
 Blink                    Tloc           N/A          4%          2
 Call Imp                 Summ           #.......     4%          2
 Slow                     Hex            #.......     4%          2
 Vampiric Draining        Necr           #.........   9%          3
 Animate Dead             Necr           #.........   26%         4
 Agony                    Necr           #.......     56%         5


Dungeon Overview and Level Annotations

Branches:
Dungeon (14/15)            Temple (1/1) D:6            Lair (2/6) D:9
    Orc (0/2) D:9          Vaults (0/5) D:13
  Swamp: Lair:2-4    Shoals: Lair:2-4     Snake: Lair:2-4    Spider: Lair:2-4

Altars:
Ashenzari
Cheibriados
Dithmenos
Elyvilon
Fedhas
Gozag
Hepliaklqana
Kikubaaqudgha
Makhleb
Nemelex Xobeh
Okawaru
Qazlal
Ru
Sif Muna
Trog
Uskayaw
Vehumet
Wu Jian
Xom
Yredelemnul
Zin
The Shining One

Shops:
D:11 *?

Portals:
Trove: D:10 (give horn of Geryon)

Annotations:
D:12 4 runed translucent doors


Innate Abilities, Weirdness & Mutations

You cannot wear most types of armour.
You are very stealthy in the water. (Stealth+)
You are amphibious.
You can wear up to eight rings at the same time.
You can use your tentacles to constrict eight enemies at once.
Your skin changes colour to match your surroundings (Stealth+).
Your rubbery body absorbs attacks. (AC +1, EV +1)


Message History

The crocodile closely misses you. You block the hippogriff's attack. x2
The hippogriff claws you!
* * * LOW HITPOINT WARNING * * *
You hit the crocodile. Your squeeze misses the crocodile.
The crocodile is almost dead.
You puncture the crocodile!
You kill the crocodile!
Vehumet accepts your kill.
You feel your power returning. You block the hippogriff's attack. x2
The hippogriff misses you.
Casting: Searing Ray (safe; 0% risk of failure)
Confirm with . or Enter, or press ? or * to list all spells.
Aiming: Searing Ray (safe; 0% risk of failure)
Press: ? - help, Shift-Dir - straight line, f - hippogriff
Aim: a hippogriff (heavily wounded)
The searing ray hits the hippogriff.
The hippogriff is heavily wounded. (Press . to maintain the ray.)
The hippogriff bites you!
You die...

#......#
#P
#.....##
##
#.....##
#
#.....P#
#
#.....##
#
#.....#
#
#.....##
#
#......#
#
#.@....#
##
#H†...##
#.
#.....#
##
#.....#
#
#.....#
#
#.....#
#
#.....#
#
#.....#
#
#.....#
#


You could see a hippogriff.

Vanquished Creatures
  Gastronok (D:8)
  3 two-headed ogres
  2 dancing weapons (D:13)
  Pikel (D:4)
  A manticore (D:12)
  A gargoyle (D:10)
  Maggie (D:7)
  3 cane toads (Lair:1)
  3 trolls
  2 blink frogs (Lair:2)
  5 hippogriffs
  16 yaks
  3 wraiths
  Eustachio (D:4)
  2 basilisks
  2 vampire mosquitoes (D:13)
  2 water moccasins
  Duvessa (D:7)
  4 porcupines
  A black bear (D:11)
  5 orc warriors
  2 necrophages
  3 sky beasts
  2 phantoms
  10 centaurs
  5 ogres
  4 wolves (D:9)
  3 crocodiles
  Blork the orc (D:4)
  A lemure (D:4)
  3 big kobolds
  7 bullfrogs
  A wyvern zombie (D:9)
  4 scorpions
  Dowan (D:7)
  A wyvern skeleton (D:11)
  4 killer bees (D:9)
  5 wights (D:9)
  A centaur zombie (D:6)
  2 howler monkeys
  A quasit (D:4)
  A gnoll shaman (D:9)
  3 hounds
  5 orc priests
  3 jellies
  3 bullfrog skeletons
  4 centaur skeletons
  Ijyb (D:4)
  4 iguanas
  9 orc wizards
  9 worker ants
  A killer bee zombie (D:7)
  A hound skeleton (D:5)
  A howler monkey skeleton (D:7)
  4 gnolls (D:9)
  18 adders
  A shadow imp (D:8)
  A white imp (D:5)
  3 ufetubi
  2 oozes
  2 adder skeletons
  5 worms
  A dart slug (D:1)
  6 leopard geckos
  37 orcs
  8 bats
  5 giant cockroaches
  19 goblins
  7 hobgoblins
  9 jackals
  3 quokkas
  4 ball pythons
  A ball python zombie (D:5)
  7 frilled lizards
  13 kobolds
  A quokka zombie (D:6)
  5 rats
328 creatures vanquished.

Notes
Turn   | Place    | Note
-------+----------+-------------------------------------------
     0 | D:1      | gruber the Octopode Conjurer began the quest for the Orb.
     0 | D:1      | Reached XP level 1. HP: 11/11 MP: 3/3
   191 | D:1      | Reached XP level 2. HP: 17/17 MP: 0/5
   753 | D:1      | Reached XP level 3. HP: 21/21 MP: 4/6
  1125 | D:2      | Reached skill level 5 in Conjurations
  1736 | D:2      | Found a bloodstained altar of Trog.
  1929 | D:2      | Reached XP level 4. HP: 27/27 MP: 2/7
  2401 | D:2      | Learned a level 2 spell: Searing Ray
  2886 | D:3      | Noticed a centaur
  2892 | D:3      | Killed a centaur
  2892 | D:3      | Reached skill level 6 in Conjurations
  2892 | D:3      | Reached XP level 5. HP: 3/31 MP: 3/9
  3620 | D:3      | Reached XP level 6. HP: 36/36 MP: 4/10
  3721 | D:4      | Noticed Ijyb
  3761 | D:4      | Noticed Eustachio
  3769 | D:4      | Killed Eustachio
  3769 | D:4      | Reached skill level 7 in Conjurations
  4039 | D:4      | Noticed Pikel
  4109 | D:4      | Noticed Blork the orc
  4110 | D:4      | Reached XP level 7. HP: 41/41 MP: 8/12
  4113 | D:4      | Killed Blork the orc
  4168 | D:4      | Killed Ijyb
  4456 | D:4      | Killed Pikel
  4456 | D:4      | Reached skill level 5 in Spellcasting
  4456 | D:4      | Reached skill level 8 in Conjurations
  4456 | D:4      | Reached XP level 8. HP: 40/46 MP: 2/15
  4637 | D:4      | Reached skill level 9 in Conjurations
  4949 | D:4      | Noticed a hippogriff
  4953 | D:4      | Killed a hippogriff
  5437 | D:4      | Found a shimmering altar of Xom.
  5523 | D:4      | Got a scorched flail
  5524 | D:4      | Identified the +3 flail of Odeulo {freeze, rPois Int+2}
                  | (You found it on level 4 of the Dungeon)
  5573 | D:5      | Entered Level 5 of the Dungeon
  6000 | D:5      | Reached skill level 10 in Conjurations
  6000 | D:5      | Reached XP level 9. HP: 51/51 MP: 12/18
  6064 | D:5      | Reached skill level 1 in Shields
  6418 | D:5      | Found a stormy altar of Qazlal.
  7141 | D:6      | Found a snail-covered altar of Cheibriados.
  7317 | D:6      | Found an iron altar of Okawaru.
  7392 | D:6      | Found a staircase to the Ecumenical Temple.
  7406 | Temple   | Entered the Ecumenical Temple
  7515 | Temple   | Became a worshipper of Vehumet
  7781 | D:7      | Reached skill level 5 in Shields
  7991 | D:7      | Reached skill level 1 in Fighting
  8044 | D:7      | Noticed Dowan
  8047 | D:7      | Noticed Duvessa
  8051 | D:7      | Killed Dowan
  8059 | D:7      | Killed Duvessa
  8061 | D:7      | Reached * piety under Vehumet
  8061 | D:7      | Offered knowledge of Shock by Vehumet.
  8178 | D:7      | Noticed Maggie
  8211 | D:7      | Killed Maggie
  8383 | D:7      | Reached skill level 5 in Fighting
  8620 | D:7      | Reached XP level 10. HP: 51/66 MP: 13/19
  8752 | D:8      | Noticed Gastronok
  8821 | D:9      | Found a hazy altar of Hepliaklqana.
  9251 | D:9      | Offered knowledge of Sandblast by Vehumet.
  9255 | D:9      | Reached skill level 5 in Dodging
  9374 | D:9      | Reached ** piety under Vehumet
 10145 | D:9      | Found a staircase to the Lair.
 10164 | D:9      | Found a staircase to the Orcish Mines.
 10315 | D:8      | Killed Gastronok
 10315 | D:8      | Reached skill level 11 in Conjurations
 10315 | D:8      | Reached XP level 11. HP: 32/71 MP: 11/20
 10819 | D:8      | Reached skill level 12 in Conjurations
 11340 | D:8      | Found a white marble altar of Elyvilon.
 11347 | D:8      | Found a shadowy altar of Dithmenos.
 11546 | D:10     | Entered Level 10 of the Dungeon
 11668 | D:10     | Noticed a two-headed ogre
 11681 | D:10     | Killed a two-headed ogre
 11820 | D:10     | Found a portal to a secret trove of treasure.
 12988 | D:11     | You fall into a shaft and drop 2 floors!
 12998 | D:13     | Reached skill level 13 in Conjurations
 13178 | D:13     | Offered knowledge of Ignite Poison by Vehumet.
 13686 | D:13     | Noticed a +4 long sword
 13688 | D:13     | Noticed a +3 long sword
 13690 | D:13     | Killed a +4 long sword
 13782 | D:13     | Found a gate to the Vaults.
 13986 | D:13     | Killed a +3 long sword
 13986 | D:13     | Reached skill level 14 in Conjurations
 14120 | D:11     | Found Vaak's Blasphemy Boutique.
 14120 | D:11     | Found an ancient bone altar of Kikubaaqudgha.
 14247 | D:11     | Reached *** piety under Vehumet
 14433 | D:11     | Noticed a two-headed ogre
 14601 | D:11     | Killed a two-headed ogre
 14601 | D:11     | Reached XP level 12. HP: 11/77 MP: 12/21
 15135 | D:12     | Offered knowledge of Hailstorm by Vehumet.
 15234 | D:12     | Found a runed translucent door.
 15332 | D:12     | Found a runed translucent door.
 15389 | D:12     | Found a runed translucent door.
 15453 | D:12     | Found a runed translucent door.
 16027 | D:14     | Noticed a centaur warrior
 16101 | D:11     | Reached skill level 15 in Conjurations
 16309 | D:11     | Found Repuff's Magic Scroll Shop.
 16315 | D:11     | Bought a scroll of blinking for 90 gold pieces
 16487 | D:11     | Noticed a two-headed ogre
 16529 | D:11     | Got a slimy short sword
 16530 | D:11     | Identified the +11 short sword "Fyvo" {speed, rPois} (You
                  | found it on level 11 of the Dungeon)
 16614 | D:11     | Killed a two-headed ogre
 16911 | Lair:1   | Entered Level 1 of the Lair of Beasts
 17506 | Lair:1   | Reached **** piety under Vehumet
 17555 | Lair:1   | Reached skill level 5 in Short Blades
 17559 | Lair:1   | Offered knowledge of Airstrike by Vehumet.
 18135 | Lair:1   | Slain by a hippogriff

Illustrated notes

Levels and vault maps discovered:
D:1:      saegor_arrival_simple_c, layout_loops_ring, minmay_pentomino_p4
D:2:      layout_basic, trog_hazing_becter
D:3:      layout_loops_ring
D:4:      kennysheep_goblin_castle, layout_rooms, lemuel_tele_altar, uniq_pikel,
          uniq_blork_the_orc, uniq_ijyb, uniq_eustachio
D:5:      layout_loops_ring, kennysheep_mini, first_ration
D:6:      layout_cave_pools, slow_altar_1, nicolae_overflow_crystal_walls,
          minmay_temple_entry_grid, minmay_checkerbox
D:7:      layout_rooms, uniq_maggie, uniq_duvessa
D:8:      layout_basic, amethyst_overflow_temple_binary, blue_anna_alchemist
          [blue_anna_fruit_fields, blue_anna_fruit_fields], minmay_radiant,
          uniq_gastronok
D:9:      wander_river, layout_rooms, lemuel_doored_altar, lair_entry_dummy,
          orc_0_dummy, st_stairs_11, hangedman_abyss_or_decor_slice
D:10:     layout_stronghold, enter_trove_3
D:11:     layout_basic, enter_bailey_3, serial_shops,
          nicolae_shop_competitors_out_of_business, nicolae_evil_shop
D:12:     layout_cave_pods, minmay_statue_crystal_thing
D:13:     layout_roguey, erik_vaults_1
D:14:     layout_loops_ring, serial_bayou_pond_c, nicolae_alphabet_shops,
          drop_trap, hex_large, uniq_jorgrun
Temple:   regret_index_temple_sphere_string
Lair:1:   layout_big_grid
Lair:2:   regret_index_combs_of_tragedy, layout_cave_shapes,
          minmay_swamp_entry_worms, gauntlet_entry_generic, serial_rivers,
          chequers_serial_rivers_small_3, chequers_serial_rivers_micro_d,
          chequers_serial_rivers_micro_b, chequers_serial_rivers_micro_e,
          chequers_serial_rivers_small_3, chequers_serial_rivers_large_a,
          minmay_another_anthill

Skill      XL: |  1  2  3  4  5  6  7  8  9 10 11 12 |
---------------+-------------------------------------+-----
Conjurations   | 5 6 7 8 10 11 14 15 | 15.0
Spellcasting   | 3 5 6 |  6.9
Shields        | 5 |  5.5
Fighting       | 5 |  5.0
Dodging        | 7 |  7.2
Short Blades   | 6 |  6.1
Stealth        | |  2.6

Action                   |  1- 3 |  4- 6 |  7- 9 | 10-12 || total
-------------------------+-------+-------+-------+-------++-------
Melee: Unarmed           |    11 |       |     5 |       ||    16
       Tentacles         |     3 |       |     4 |     2 ||     9
       Constrict         |     4 |       |     3 |     1 ||     8
       Whip              |       |       |     8 |       ||     8
       Flail             |       |       |     6 |     6 ||    12
       Short sword       |       |       |       |     9 ||     9
 Cast: Magic Dart        |    65 |    84 |   224 |   260 ||   633
       Searing Ray       |       |     4 |    31 |   127 ||   162
Evoke: Wand              |       |     2 |       |     2 ||     4
  Use: Potion            |       |       |     1 |       ||     1
       Scroll            |       |       |     1 |    17 ||    18
  Eat: Ration            |     1 |     2 |     4 |     8 ||    15
Armor: Skin              |     2 |     1 |     8 |     4 ||    15
Dodge: Dodged            |    10 |    10 |    69 |   215 ||   304
Block: Buckler           |       |       |     9 |    57 ||    66

Table legend:
 A = Non-vault XP
 B = Vault XP
 C = Vault XP percentage of total XP
 D = Non-vault monster count
 E = Vault monster count
 F = Vault count percentage of total count
                 A         B        C        D         E       F
            +---------+---------+-------+---------+---------+-------
      Total |   21270 |    6573 |  23.6 |     281 |      46 |  14.1
            +---------+---------+-------+---------+---------+-------
        D:1 |      30 |       5 |  14.3 |      11 |       3 |  21.4
        D:2 |      55 |       9 |  14.1 |      15 |       6 |  28.6
        D:3 |     255 |       0 |   0.0 |      25 |       0 |   0.0
        D:4 |     647 |    1070 |  62.3 |      22 |      16 |  42.1
        D:5 |     666 |       0 |   0.0 |      21 |       0 |   0.0
        D:6 |     439 |      59 |  11.8 |      11 |       4 |  26.7
        D:7 |     885 |     627 |  41.5 |      23 |       3 |  11.5
        D:8 |     487 |    2950 |  85.8 |      17 |       6 |  26.1
        D:9 |    3646 |       2 |   0.1 |      41 |       1 |   2.4
       D:10 |    2077 |       2 |   0.1 |      10 |       1 |   9.1
       D:11 |    4066 |       5 |   0.1 |      26 |       3 |  10.3
       D:12 |    1282 |       0 |   0.0 |      14 |       0 |   0.0
       D:13 |    2031 |    1808 |  47.1 |      24 |       2 |   7.7
       D:14 |     393 |       0 |   0.0 |       1 |       0 |   0.0
     Lair:1 |    3567 |      36 |   1.0 |      16 |       1 |   5.9
     Lair:2 |     744 |       0 |   0.0 |       4 |       0 |   0.0
            +---------+---------+-------+---------+---------+-------
